 Dungeon Crawl Stone Soup version 0.27-a0-906-g0a00ce863d (webtiles) character file.

Game seed: 17684131916627453469

1739 Lanoc the Thaumaturge (level 9, -11/55 HPs)
             Began as a Djinni Hedge Wizard on Apr 7, 2021.
             Was a Priest of Makhleb.
             Mangled by Maggie
             ... wielding a +0 long sword
              (13 damage)
             ... on level 6 of the Dungeon.
             The game lasted 00:07:26 (6367 turns).

Lanoc the Thaumaturge (Djinni Hedge Wizard)         Turns: 6367, Time: 00:07:27

Health: -11/55     AC:  2    Str:  9    XL:     9   Next: 5%
Gold:   237        EV: 15    Int: 19    God:    Makhleb [***...] SH:  0 Dex: 13

rFire    + + +     SeeInvis .   y - +5 rapier of Peace {flame, +Inv}
rCold    . . .     Faith    .   (no shield)
rNeg     . . .     Spirit   .   b - +0 robe
rPois    ∞         Reflect  .   c - +0 hat
rElec    .         Harm     .   e - scarf {rC+ rF+}
rCorr    .         Rampage  .   (no gloves)
Will     +....                  (boots unavailable)
Stlth    ++........             (no amulet)
HPRegen  0.18/turn              f - ring of willpower
MPRegen  0.00/turn              (no ring)

@: flying, mesmerised
A: fire resistance 2, cold vulnerability 1, float, innate caster, hp casting,
extra vitality 1
a: Renounce Religion, Evoke Invisibility, Minor Destruction, Lesser Servant of
Makhleb


You were on level 6 of the Dungeon.
You worshipped Makhleb.
Makhleb was most pleased with you.
You visited 1 branch of the dungeon, and saw 6 of its levels.

You collected 269 gold pieces.
You spent 32 gold pieces at shops.

Inventory:

Hand Weapons
 y - the +5 rapier of Peace (weapon) {flame, +Inv}
   (You found it on level 5 of the Dungeon)

   It has been specially enchanted to burn those struck by it, causing extra
   injury to most foes and up to half again as much damage against particularly
   susceptible opponents.
   It lets you turn invisible.
Missiles
 i - 60 stones
Armour
 b - a +0 robe (worn)
 c - a +0 hat (worn)
 e - a scarf of resistance (worn)
Magical Staves
 v - a staff of death
Jewellery
 f - a ring of willpower (left hand)
 q - an amulet of faith
Wands
 t - a wand of random effects (8)
 w - a wand of flame (18)
Scrolls
 d - 4 scrolls of identify {unknown}
 j - a scroll of enchant weapon {unknown}
 l - 3 scrolls of fear {unknown}
 m - 6 scrolls of teleportation {unknown}
 n - 4 scrolls of magic mapping {unknown}
 p - 3 scrolls of noise {unknown}
 s - 2 scrolls of enchant armour {unknown}
Potions
 a - a potion of resistance {unknown}
 g - 3 potions of haste {unknown}
 h - a potion of magic {unknown}
 k - a potion of curing
 r - a potion of lignification {unknown}
 u - a potion of degeneration {unknown}
 x - a potion of flight {unknown}


   Skills:
 + Level 7.4 Dodging
 - Level 1.5 Stealth
 * Level 8.2 Spellcasting


You had 3 spell levels left.
You knew the following spells:

 Your Spells              Type           Power      Damage    Failure   Level
a - Magic Dart            Conj           100%       1d8       1%          1
b - Sandblast             Erth           78%        2d17      1%          1
c - Call Imp              Summ           39%        N/A       1%          2
d - Slow                  Hex            39%        N/A       1%          2
e - Conjure Flame         Conj/Fire      39%        6-21      1%          3
f - Mephitic Cloud        Conj/Pois/Air  39%        N/A       1%          3
g - Blink                 Tloc           N/A        N/A       1%          2
h - Corpse Rot            Necr/Air       N/A        N/A       1%          2
i - Poisonous Vapours     Pois/Air       78%        N/A       1%          2
j - Gell's Gravitas       Tloc           19%        N/A       1%          3
Your spell library was empty.

Dungeon Overview and Level Annotations

Branches:
Dungeon (6/15)
 Temple: D:4-7

Altars:
Makhleb

Shops:
D:1 *

Annotations:
D:6 Maggie


Innate Abilities, Weirdness & Mutations

You are immune to poison.
Your flesh is very heat resistant. (rF++)
You are vulnerable to cold. (rC-)
You float through the air rather than walking.
You learn spells naturally, not from books.
Your magical power is your life essence.
You have superior vitality. (+4 HP)


Message History

Maggie hits you with a +0 long sword.
* * * LOW HITPOINT WARNING * * *
Casting: Sandblast (safe; 1% risk of failure)
Confirm with . or Enter, or press ? or * to list all spells.
Aiming: Sandblast (safe; 1% risk of failure)
Press: ? - help, Shift-Dir - straight line, f/p - Maggie
Aim: Maggie, wielding a +0 long sword and wearing +0 acid dragon scales (almost dead, mesmerising, 18% to evade)
The blast of sand hits Maggie but does no damage.
Maggie is almost dead.
i - 62 stones
* * * LOW HITPOINT WARNING * * *
Maggie closely misses you.
Casting: Sandblast (safe; 1% risk of failure)
Confirm with . or Enter, or press ? or * to list all spells.
Aiming: Sandblast (safe; 1% risk of failure)
Press: ? - help, Shift-Dir - straight line, f/p - Maggie
Aim: Maggie, wielding a +0 long sword and wearing +0 acid dragon scales (almost dead, mesmerising, 18% to evade)
The blast of sand hits Maggie.
Maggie is almost dead.
i - 61 stones
* * * LOW HITPOINT WARNING * * *
Maggie hits you with a +0 long sword!
* * * LOW HITPOINT WARNING * * *
Casting: Sandblast (safe; 1% risk of failure)
Confirm with . or Enter, or press ? or * to list all spells.
You don't have enough health to cast this spell.
You feel better.
Maggie says, "Leave now, and tell all of Margery's mercy!"
Maggie hits you with a +0 long sword!
* * * LOW HITPOINT WARNING * * *
Casting: Sandblast (safe; 1% risk of failure)
Confirm with . or Enter, or press ? or * to list all spells.
Aiming: Sandblast (safe; 1% risk of failure)
Press: ? - help, Shift-Dir - straight line, f/p - Maggie
Aim: Maggie, wielding a +0 long sword and wearing +0 acid dragon scales (almost dead, mesmerising, 18% to evade)
The blast of sand misses Maggie.
i - 60 stones
* * * LOW HITPOINT WARNING * * *
Maggie hits you with a +0 long sword!
You die...

###...+ #.#...# .
##.....#####..
.............
............ #<.........
#.@.........
##..@....(....#
##...##........# ...
##..[.###......)##...
#......................
##........#.#..........
####.....#.>.....#....
##.........#...##[....
#.......................
.......#........)##.....


You could see Maggie (mesmerising).

Vanquished Creatures
  2 water moccasins (D:5)
  A necrophage (D:5)
  5 black bears
  3 ogres
  A phantom (D:5)
  2 scorpions
  A bullfrog (D:4)
  A centaur zombie (D:5)
  A hound (D:6)
  3 jellies
  A bullfrog skeleton (D:5)
  A centaur skeleton (D:5)
  2 iguanas
  Natasha (thrice) (D:3)
  An orc wizard (D:6)
  A hound skeleton (D:5)
  An adder (D:5)
  A howler monkey skeleton (D:5)
  A white imp (D:5)
  2 ufetubi
  2 worms
  A dart slug (D:3)
  7 orcs
  4 ball pythons
  6 bats
  9 endoplasms
  4 giant cockroaches
  7 goblins
  4 hobgoblins
  5 jackals
  A quokka (D:1)
  3 frilled lizards
  7 kobolds
  7 rats
101 creatures vanquished.

Notes
Turn   | Place    | Note
-------+----------+-------------------------------------------
     0 | D:1      | Lanoc the Djinni Hedge Wizard began the quest for the Orb.
     0 | D:1      | Reached XP level 1. HP: 15/15 MP: 0/0
   266 | D:1      | Found a faded altar of an unknown god.
   278 | D:1      | Reached XP level 2. HP: 13/21 MP: 0/0
   280 | D:1      | Became a worshipper of Makhleb the Destroyer
   280 | D:1      | Reached * piety under Makhleb
   400 | D:1      | Reached skill level 3 in Spellcasting
   601 | D:1      | Found Syak's Assorted Antiques.
   607 | D:1      | Bought an emerald potion for 16 gold pieces
   607 | D:1      | Bought an emerald potion for 16 gold pieces
  1016 | D:2      | Reached XP level 3. HP: 2/25 MP: 0/0
  1016 | D:2      | Learned a level 1 spell: Sandblast
  2725 | D:3      | Noticed Natasha
  2735 | D:3      | Killed Natasha
  2736 | D:3      | Reached XP level 4. HP: 16/31 MP: 0/0
  2920 | D:3      | Noticed a black bear
  2928 | D:3      | Killed a black bear
  2929 | D:3      | Reached skill level 4 in Spellcasting
  2929 | D:3      | Reached XP level 5. HP: 21/35 MP: 0/0
  2929 | D:3      | Learned a level 2 spell: Corpse Rot
  3306 | D:3      | Noticed Natasha
  3309 | D:3      | Reached ** piety under Makhleb
  3313 | D:3      | Killed Natasha
  3497 | D:3      | Noticed Natasha
  3504 | D:3      | Killed Natasha
  3774 | D:3      | Reached XP level 6. HP: 18/40 MP: 0/0
  4486 | D:4      | Noticed a black bear
  4495 | D:4      | Killed a black bear
  4496 | D:4      | Reached skill level 5 in Spellcasting
  4839 | D:4      | Reached XP level 7. HP: 42/45 MP: 0/0
  4839 | D:4      | Learned a level 2 spell: Poisonous Vapours
  5017 | D:4      | Reached skill level 5 in Dodging
  5093 | D:5      | Entered Level 5 of the Dungeon
  5108 | D:5      | Reached skill level 6 in Spellcasting
  5162 | D:5      | Reached XP level 8. HP: 33/50 MP: 0/0
  5350 | D:5      | Reached skill level 7 in Spellcasting
  5757 | D:5      | Identified the +5 rapier of Peace {flame, +Inv}
  6278 | D:6      | Reached *** piety under Makhleb
  6321 | D:6      | Reached skill level 8 in Spellcasting
  6328 | D:6      | Reached XP level 9. HP: 55/55 MP: 0/0
  6328 | D:6      | Learned a level 3 spell: Gell's Gravitas
  6354 | D:6      | Noticed Maggie
  6365 | D:6      | HP: 1/55 [Maggie/+0 long sword (13)]
  6367 | D:6      | Mangled by Maggie

Illustrated notes

Levels and vault maps discovered:
D:1:      sevenhm_arrival_forest_fort_large_2, layout_rooms,
          basic_ecumenical_altar, serial_shops, shop
D:2:      layout_basic, minmay_puff
D:3:      layout_loops_ring, chequers_serial_rivers_large_b, uniq_natasha
D:4:      layout_rooms
D:5:      layout_cave_pools
D:6:      layout_cave_pools, minmay_temple_entry_overgrown, serial_column_ruins,
          column_ruins_hut, column_ruins_hut, column_ruins_columns_straight,
          column_ruins_open_medium, column_ruins_columns_dead_end,
          column_ruins_corridor_corner, column_ruins_open_tiny,
          column_ruins_grid_2, column_ruins_open_large, uniq_maggie

Skill      XL: |  1  2  3  4  5  6  7  8 |
---------------+-------------------------+-----
Spellcasting   | 3 4 5 6 8 |  8.2
Dodging        | 3 4 6 7 |  7.4
Stealth        | |  1.5

Action                   |  1- 3 |  4- 6 |  7- 9 || total
-------------------------+-------+-------+-------++-------
Melee: Rapier            |       |       |     6 ||     6
 Cast: Magic Dart        |   102 |    86 |   111 ||   299
       Sandblast         |     2 |    14 |    46 ||    62
  Use: Potion            |       |       |     3 ||     3
Armor: Robe              |     6 |     4 |     4 ||    14
Dodge: Dodged            |    26 |    12 |    25 ||    63

Table legend: (Time is in decaauts)
 A = Elapsed time spent in this place.
 B = Non-inter-level travel time spent in this place.
 C = Inter-level travel time spent in this place.
 D = Time resting spent in this place.
 E = Time spent auto-exploring this place.
 F = Levels seen in this place.
 G = Mean time per level.
                   A        B        C        D        E       F      G
               +--------+--------+--------+--------+--------+-----+--------+
         Total |   6365 |   6196 |    169 |      7 |   5543 |   6 | 1060.8 |
       Dungeon |   6365 |   6196 |    169 |      7 |   5543 |   6 | 1060.8 |
               +--------+--------+--------+--------+--------+-----+--------+

Top non-repeatable levels by time:
     D:2: 1719 daAuts
     D:3: 1673 daAuts
     D:1: 1004 daAuts
     D:5: 954 daAuts
     D:4: 693 daAuts
     D:6: 319 daAuts
